 Dungeon Crawl Stone Soup version 0.31-a0-232-gb1c03b2570 (webtiles) character file.

Game seed: 11466678975174384821

45 qw the Shooter (level 3, -1/30 HPs)
             Began as a Minotaur Hexslinger on July 7, 2023.
             Slain by Ijyb
             ... wielding a +0 dagger of speed
              (2 damage)
             ... on level 3 of the Dungeon.
             The game lasted 00:00:27 (1158 turns).

qw the Shooter (Minotaur Hexslinger)                Turns: 1158, Time: 00:00:27

Health: -1/30      AC:  6    Str: 12    XL:     3   Next: 42%
Magic:  3/3        EV: 11    Int: 10    God:
Gold:   126        SH:  0    Dex: 14    Spells: 3/4 levels left

rFire   . . .        Y - +1 sling
rCold   . . .        (no shield)
rNeg    . . .        g - +0 ring mail
rPois   .            (helmet restricted)
rElec   .            (no cloak)
rCorr   .            (no gloves)
SInv    .            b - +0 pair of boots
Will    .....        (no amulet)
Stlth   +            (no ring)
HPRegen 0.25/turn    (no ring)
MPRegen 0.08/turn

%: no passive effects
@: mighty
A: horns 2, retaliatory headbutt
a: no special abilities


You were on level 3 of the Dungeon.
You visited 1 branch of the dungeon, and saw 3 of its levels.

You collected 126 gold pieces.


Innate Abilities, Weirdness & Mutations

You have a pair of horns on your head.
You reflexively headbutt those who attack you in melee.


   Skills:
 - Level 2.5 Fighting
 + Level 3.7 Ranged Weapons
 - Level 2.1 Dodging
 - Level 1.0 Spellcasting
 - Level 2.0 Hexes


You had 3 spell levels left.
You knew the following spells:

 Your Spells              Type           Power      Damage    Failure   Level
a - Slow                  Hex            16%        N/A       34%         1

Your spell library contained the following spells:

 Spells                   Type           Power      Damage    Failure   Level
 Inner Flame              Hex/Fire       2%         N/A       83%         3
 Portal Projectile        Hex/Tloc       4%         N/A       83%         3
 Cause Fear               Hex            2%         N/A       98%         4

Inventory:

Hand Weapons
 Y - a +1 sling (weapon)
Armour
 b - a +0 pair of boots (worn)
 g - a +0 ring mail (worn)
Potions
 a - a potion of heal wounds {unknown}
 e - a potion of might
 f - a potion of curing {unknown}
 h - a potion of attraction {unknown}
 i - a potion of mutation {unknown}
 j - a potion of invisibility {unknown}

Dungeon Overview and Level Annotations

Branches:
Dungeon (3/15)

Altars:

Shops:
D:1 :

Annotations:
D:3 Ijyb


Message History

You shoot a sling bullet.
The sling bullet misses the frilled lizard.
The frilled lizard barely misses you. You furiously retaliate!
You headbutt the frilled lizard!
You kill the frilled lizard!
a - a fuming coppery potion You see here a +0 sling.
Found a stone staircase leading down.
Ijyb the Twisted Goblin comes into view.
She is wielding a +0 dagger of speed, wearing a +3 leather armour of poison resistance and carrying a wand of flame (20).
Ijyb shouts!
You hear a shout!
You shoot a sling bullet.
The sling bullet hits Ijyb but does no damage.
You shoot a sling bullet.
The sling bullet hits Ijyb but does no damage.
Ijyb hits you but does no damage.
Ijyb hits you with a +0 dagger of speed.
You shoot a sling bullet.
The sling bullet hits Ijyb but does no damage.
Ijyb hits you with a +0 dagger of speed.
Ijyb zaps a wand.
The puff of flame hits you!
You shoot a sling bullet. The sling bullet closely misses Ijyb.
Ijyb hits you with a +0 dagger of speed.
Ijyb hits you but does no damage.
You shoot a sling bullet. The sling bullet closely misses Ijyb.
Ijyb zaps a wand.
The puff of flame hits you!
A ball python comes into view.
You shoot a sling bullet. The sling bullet barely misses Ijyb.
Ijyb hits you with a +0 dagger of speed. x2
You shoot a sling bullet.
The sling bullet hits Ijyb but does no damage.
Ijyb zaps a wand.
The puff of flame misses you.
An orc comes into view. It is wielding a +0 whip.
You shoot a sling bullet.
The sling bullet hits Ijyb but does no damage.
Ijyb hits you with a +0 dagger of speed.
Ijyb closely misses you. Ijyb hits you but does no damage.
You shoot a sling bullet.
The sling bullet hits Ijyb but does no damage.
Ijyb hits you with a +0 dagger of speed.
You die...

......
.....
....
.>. S.
#.
#g###
#.@.#
###.#
#.#
#.####
#.)..#
##.<.#
#..%#
#...#
#...#


You could see Ijyb and a ball python.

Vanquished Creatures
  2 adders
  A worm (D:2)
  A dart slug (D:1)
  An endoplasm (D:2)
  A giant cockroach (D:2)
  2 goblins
  3 hobgoblins
  2 ball pythons
  6 frilled lizards
  2 kobolds (D:2)
  3 rats (D:1)
24 creatures vanquished.

Notes
Turn   | Place    | Note
-------+----------+-------------------------------------------
     0 | D:1      | qw the Minotaur Hexslinger began the quest for the Orb.
     0 | D:1      | Reached XP level 1. HP: 16/16 MP: 1/1
     0 | D:1      | 0 ||| qw: Version: 0.3-a-46-gb1f654a
     0 | D:1      | 0 ||| qw: Game counter: 2599
     0 | D:1      | 0 ||| qw: Melee chars always use a shield: true
     0 | D:1      | 0 ||| qw: God list: Okawaru
     0 | D:1      | 0 ||| qw: Allow faded altars: false
     0 | D:1      | 0 ||| qw: Do Orc after clearing Dungeon:15 true
     0 | D:1      | 0 ||| qw: Do second Lair branch before Depths: true
     0 | D:1      | 0 ||| qw: Lair rune preference: random
     0 | D:1      | 0 ||| qw: Goals: Normal
     0 | D:1      | 0 ||| PLANNING D:1-11
   336 | D:1      | Reached skill level 3 in Ranged Weapons
   364 | D:1      | Reached XP level 2. HP: 23/23 MP: 2/2
   369 | D:1      | Found Waevolah's Book Shop.
   634 | D:1      | 634 ||| READING scroll labelled BUCESTROEHOU.
   635 | D:1      | 635 ||| READING scroll labelled TERARE ROLATAWK.
   636 | D:1      | 636 ||| READING scroll labelled WIL WUKAGAXIH.
   637 | D:1      | 637 ||| DROPPING scroll of poison.
   646 | D:2      | 646 ||| STAIRDANCE
   777 | D:2      | Reached XP level 3. HP: 29/30 MP: 3/3
  1070 | D:2      | 1070 ||| UPGRADING to +0 pair of boots.
  1075 | D:2      | 1075 ||| UPGRADING to +0 ring mail.
  1085 | D:2      | 1085 ||| DROPPING +0 robe.
  1086 | D:2      | 1086 ||| READING 2 scrolls labelled LYMUXK TELOSM.
  1087 | D:2      | 1087 ||| DRINKING 2 glowing brown potions.
  1119 | D:2      | 1119 ||| DRINKING 2 puce potions.
  1120 | D:2      | 1120 ||| DROPPING scroll of vulnerability.
  1121 | D:2      | 1121 ||| DROPPING potion of lignification.
  1141 | D:3      | 1141 ||| PLANNING SEWER
  1149 | D:3      | Noticed Ijyb
  1154 | D:3      | HP: 4/30 [Ijyb/puff of flame (10)]
  1155 | D:3      | HP: 1/30 [Ijyb/+0 dagger of speed (2)]
  1158 | D:3      | Slain by Ijyb

Levels and vault maps discovered:
D:1:      lemuel_arrival_room, layout_basic, serial_shops, nicolae_square_shop,
          minmay_misc_feat_iff
D:2:      layout_rooms
D:3:      layout_rooms, cheibrodos_sewer_entry_drain, uniq_sigmund, uniq_ijyb

Skill      XL: |  1  2 |
---------------+-------+-----
Ranged Weapons | 3 |  3.7
Fighting       | 2 |  2.5
Dodging        | |  2.1
Spellcasting   | |  1.0
Hexes          | |  2.0

Action                     || total
---------------------------++-------
   Fire: Sling             ||    86
    Use: Scroll            ||     4
         Potion            ||     2
 Armour: Robe              ||     3
         Ring mail         ||     3
  Dodge: Dodged            ||    18

Table legend:
 A = Non-vault XP
 B = Vault XP
 C = Vault XP percentage of total XP
 D = Non-vault monster count
 E = Vault monster count
 F = Vault count percentage of total count
                 A         B        C        D         E       F
            +---------+---------+-------+---------+---------+-------
      Total |      65 |       0 |   0.0 |      24 |       0 |   0.0
            +---------+---------+-------+---------+---------+-------
        D:1 |      31 |       0 |   0.0 |      12 |       0 |   0.0
        D:2 |      33 |       0 |   0.0 |      11 |       0 |   0.0
        D:3 |       1 |       0 |   0.0 |       1 |       0 |   0.0
            +---------+---------+-------+---------+---------+-------
